 Dungeon Crawl Stone Soup version 0.31.0-4-g52a2dc7128 (webtiles) character file.

Game seed: 15126072653283331291

7 Xavori the Trooper (level 2, 0/25 HPs)
             Began as a Djinni Chaos Knight on Jan 22, 2024.
             Was a Plaything of Xom.
             Killed from afar by Natasha (6 damage)
             ... with a magic dart
             ... on level 2 of the Dungeon.
             The game lasted 00:00:13 (218 turns).

Xavori the Trooper (Djinni Chaos Knight)             Turns: 218, Time: 00:00:14

Health: 0/25       AC:  5    Str: 11    XL:     2   Next: 5%
Gold:   19         EV: 11    Int: 13    God:    Xom [....*.] SH:  0 Dex: 12

rFire   + + .        a - +0 falchion (chaos)
rCold   x . .        (no shield)
rNeg    . . .        b - +2 leather armour
rPois   ∞            (no helmet)
rElec   .            (no cloak)
rCorr   .            (no gloves)
SInv    .            (boots unavailable)
Will    .....        (no amulet)
Stlth   +            (no ring)
HPRegen 0.24/turn    (no ring)
MPRegen 0.00/turn

%: infuse magic (-1 HP)
@: flying
A: sickness immunity, fire resistance 2, cold vulnerability 1, float, innate
caster, HP casting, extra vitality 1
a: Renounce Religion


You were on level 2 of the Dungeon.
You worshipped Xom.
You were a beloved toy of Xom.
You visited 1 branch of the dungeon, and saw 2 of its levels.

You collected 19 gold pieces.

Inventory:

Hand Weapons
 a - a +0 falchion of chaos (weapon)
Armour
 b - a +2 leather armour (worn)
Scrolls
 c - a scroll of butterflies
 d - a scroll of silence {unknown}


   Skills:
 + Level 3.1 Fighting
 + Level 2.8 Long Blades
 + Level 1.0 Armour
 + Level 2.2 Dodging
 * Level 0.1 Spellcasting
 * Level 0.1 Conjurations
 * Level 0.1 Hexes
 * Level 0.1 Summonings
 * Level 0.1 Necromancy
 * Level 0.1 Translocations
 * Level 0.1 Fire Magic
 * Level 0.1 Ice Magic
 * Level 0.1 Air Magic
 * Level 0.1 Earth Magic
 * Level 0.1 Alchemy You didn't know any spells. Your spell library was empty.

Dungeon Overview and Level Annotations

Branches:
Dungeon (1/15)

Altars:

Annotations:
D:2 Natasha


Innate Abilities, Weirdness & Mutations

You are immune to sickness and miasma.
You are immune to poison.
Your flesh is very heat resistant. (rF++)
You are vulnerable to cold. (rC-)
You float through the air rather than walking.
You learn spells naturally, not from books.
Your magical power is your life essence.
You have superior vitality. (+4 MHP)


Message History

Natasha claws you.
Natasha is nearby!
You hit Natasha.
Natasha appears confused.
Natasha is lightly wounded.
Natasha closely misses you.
You strike the helpless Natasha from behind!
You hit Natasha.
Natasha seems to speed up.
Natasha is heavily wounded.
Natasha barely misses you.
You completely miss Natasha.
Natasha is moderately wounded.
You hit Natasha but do no damage.
Natasha seems to grow stronger.
Natasha is moderately wounded.
Natasha seems less confused.
Natasha claws you but does no damage. Natasha barely misses you.
You hit Natasha.
Natasha is severely wounded.
Natasha casts a spell at you. The magic dart hits you.
Natasha barely misses you.
Unknown command.
You hit Natasha but do no damage.
Natasha is severely wounded.
Natasha claws you!
Ouch! That really hurt!
* * * LOW HITPOINT WARNING * * *
Natasha casts a spell.
Unknown command.
You are too injured to fight recklessly!
You are too injured to fight recklessly!
Unknown command.
Unknown command.
You closely miss Natasha.
Natasha is severely wounded.
Natasha howls an incantation.
You feel disoriented.
Natasha stares at you and mumbles some strange words.
The magic dart hits you.
You die...
Natasha begins licking her fur clean.
Xom bursts into laughter!

..###.#...# #...####.#
....#.#..b# #...# #.#
..........###...####.#
..........=..........#
....b................#
#####b#b####..########
.######.#.####..........
.......b................
######@#.####.#####.#.#
#h#......# # #.
#5######## # #.# # ...
.. #.# .# ..# ...


You could see Natasha (fast, strong) and a cerulean imp (summoned).

Vanquished Creatures
  A ribbon worm (D:2)
  An endoplasm (D:2)
  A hobgoblin (D:2)
  A ball python (D:1)
  A kobold (D:2)
5 creatures vanquished.

Notes
Turn   | Place    | Note
-------+----------+-------------------------------------------
     0 | D:1      | Xavori the Djinni Chaos Knight began the quest for the Orb.
     0 | D:1      | Reached XP level 1. HP: 20/20 MP: 0/0
    25 | D:1      | XOM: silly message
    58 | D:1      | You are sucked into a shaft and drop 1 floor!
   155 | D:2      | Reached XP level 2. HP: 18/25 MP: 0/0
   209 | D:2      | Noticed Natasha
   210 | D:2      | XOM: scenery: summon butterflies
   218 | D:2      | Killed from afar by Natasha

Illustrated notes

Levels and vault maps discovered:
D:1:      psy_arrival_basics, layout_loops_corners, basic_ecumenical_altar,
          grunt_decor_fettered
D:2:      layout_basic, basic_altar, chequers_serial_rivers_large_a,
          uniq_natasha, uniq_terence

Action                     || total
---------------------------++-------
  Melee: Falchion          ||    21
   Stab: Confused          ||     1
 Armour: Leather armour    ||    16
  Dodge: Dodged            ||    10
